 Seeded DCSS version 0.29.0-11-gd7f09526c8 (webtiles) character file.

Game seed: 3875183420463564524 (custom seed)

147 bwicke the Slasher (level 5, -7/41 HPs)
             Began as a Barachi Monk on Sept 6, 2022.
             Mangled by an iguana (11 damage)
             ... on level 4 of the Dungeon.
             The game lasted 00:05:59 (3519 turns).

bwicke the Slasher (Barachi Monk)                   Turns: 3519, Time: 00:05:59

Health: -7/41      AC:  4    Str: 18    XL:     5   Next: 29%
Magic:  5/5        EV: 13    Int: 11    God:
Gold:   162        SH:  6    Dex: 22    Spells: 4/4 levels left

rFire   . . .      SeeInvis .   a - +0 falchion
rCold   . . .      Faith    .   z - +2 buckler
rNeg    . . .      Spirit   .   b - +0 robe
rPois   .          Reflect  .   (no helmet)
rElec   .          Harm     .   A - +0 cloak
rCorr   .          Rampage  .   (no gloves)
Will    .....                   B - +0 pair of boots
Stlth   ++........              u - amulet of the acrobat
HPRegen 0.13/turn               g - +6 ring of strength
MPRegen 0.09/turn               q - +6 ring of dexterity

@: slow
A: amphibious, slowness 1, strong legs 1, +LOS
a: Hop


You were on level 4 of the Dungeon.
You visited 1 branch of the dungeon, and saw 4 of its levels.

You collected 162 gold pieces.

Inventory:

Hand Weapons
 a - a +0 falchion (weapon)
Missiles
 i - 6 poisoned darts (quivered)
 k - 2 throwing nets
 p - 2 atropa-tipped darts
Armour
 b - a +0 robe (worn)
 d - a +0 kite shield
 z - a +2 buckler (worn)
 A - a +0 cloak (worn)
 B - a +0 pair of boots (worn)
Jewellery
 g - a +6 ring of strength (left hand)
 q - a +6 ring of dexterity (right hand)
 u - an amulet of the acrobat (around neck)
 v - a ring of protection from fire
Wands
 w - a wand of roots (4)
Scrolls
 f - a scroll of immolation {unknown}
 j - a scroll of noise
 l - a scroll of magic mapping
 m - a scroll of vulnerability {unknown}
 n - 3 scrolls of blinking
 o - a scroll of torment {unknown}
 y - a scroll of fear {unknown}
 C - a scroll of teleportation {unknown}
Potions
 c - a potion of ambrosia
 e - 2 potions of berserk rage
 h - a potion of cancellation
 r - a potion of invisibility {unknown}
 s - a potion of might {unknown}
 t - 2 potions of curing {unknown}
 x - a potion of brilliance {unknown}


   Skills:
 - Level 3.6 Fighting
 + Level 7.0 Long Blades
 - Level 3.2 Dodging
 - Level 1.7 Stealth


You had 4 spell levels left.
You didn't know any spells.
Your spell library contained the following spells:

 Spells                   Type           Power      Damage    Failure   Level
 Call Canine Familiar     Summ           0%         N/A       82%         3
 Portal Projectile        Hex/Tloc       0%         N/A       82%         3
 Leda's Liquefaction      Hex/Erth       0%         N/A       99%         4


Dungeon Overview and Level Annotations

Branches:
Dungeon (4/15)
 Temple: D:4-7

Altars:

Shops:
D:3 !


Innate Abilities, Weirdness & Mutations

You are amphibious.
You cover ground slowly.
You can hop short distances.
You have an extended range of vision and can be seen from far away.


Message History

You are frozen.
You hit the endoplasm.
The endoplasm is severely wounded.
You hit the endoplasm.
You kill the endoplasm!
A kobold comes into view. It is wielding a +0 short sword.
An iguana comes into view.
Found a crude mace.
The kobold shouts!
The iguana hisses angrily.
A kobold comes into view. It is wielding a +0 dagger.
A goblin comes into view. It is wielding a +0 dagger.
The kobold throws a stone.
The stone completely misses you.
A kobold comes into view. It is wielding a +0 club.
You hit the iguana.
The iguana is lightly wounded.
You block the iguana's attack.
You completely miss the iguana.
The iguana is lightly wounded.
The iguana bites you.
You closely miss the iguana.
The iguana is lightly wounded.
You block the iguana's attack.
You barely miss the iguana.
The iguana is lightly wounded.
The iguana bites you!
The goblin shouts!
You hit the iguana.
The iguana is lightly wounded.
The iguana bites you.
You hit the iguana.
The iguana is heavily wounded.
The iguana bites you!
You hit the iguana.
The iguana is severely wounded.
The iguana bites you!
* * * LOW HITPOINT WARNING * * *
You hit the iguana but do no damage.
The iguana is severely wounded.
The iguana bites you!
You die...

..gK... ).....
K....
#K..########
....(......
..........
#K.....#
########l#
#######......@.#
..#[#
#.......########
####...
#..######
##.....## ##.##
##.......# #..#
#........####
##.####
#............
#....###
#............
###....####
##.......##..
#.......##
#.......###..


You could see an iguana and a kobold.

Vanquished Creatures
  A jelly (D:3)
  An orc wizard (D:4)
  A gnoll (D:1)
  A worm (D:2)
  A dart slug (D:1)
  4 orcs (D:4)
  11 endoplasms
  2 giant cockroaches
  4 goblins
  8 hobgoblins
  3 jackals (D:2)
  3 kobolds
  4 quokkas
  2 ball pythons (D:2)
  8 bats
  4 frilled lizards
  8 rats
66 creatures vanquished.

Notes
Turn   | Place    | Note
-------+----------+-------------------------------------------
     0 | D:1      | bwicke the Barachi Monk began the quest for the Orb.
     0 | D:1      | Reached XP level 1. HP: 18/18 MP: 1/1
    41 | D:1      | Reached skill level 4 in Long Blades
   219 | D:1      | Reached XP level 2. HP: 24/24 MP: 2/2
   505 | D:1      | Reached skill level 5 in Long Blades
   505 | D:1      | Reached XP level 3. HP: 6/29 MP: 3/3
  1388 | D:2      | Found a faded altar of an unknown god.
  2425 | D:3      | Reached XP level 4. HP: 34/36 MP: 4/4
  2740 | D:3      | Reached skill level 6 in Long Blades
  2906 | D:3      | Found Eskeli's Distillery.
  3230 | D:4      | Reached XP level 5. HP: 33/41 MP: 5/5
  3236 | D:4      | Reached skill level 7 in Long Blades
  3519 | D:4      | Mangled by an iguana

Illustrated notes

Levels and vault maps discovered:
D:1:      elethiomel_arrival_infinity_welcomes_careful_drivers, layout_basic
D:2:      layout_basic, shapermc_ecumenical_altar_starsandcircs,
          roderic_lattice_a, kennysheep_potato
D:3:      layout_loops_ring, serial_shops, nicolae_shop_behind_doors,
          corexii_leaking_fountain
D:4:      layout_rooms, amcnicky_altar_gilded, serial_shops,
          nicolae_stop_n_shop_2, uniq_grinder

Skill      XL: |  1  2  3  4  5 |
---------------+----------------+-----
Long Blades    | 4 5 6 7 |  7.0
Fighting       | |  3.6
Dodging        | |  3.2
Stealth        | |  1.7

Action                   |  1- 3 |  4- 6 || total
-------------------------+-------+-------++-------
Melee: Falchion          |   105 |    65 ||   170
Throw: Dart              |     1 |       ||     1
  Use: Scroll            |       |     5 ||     5
 Stab: Sleeping          |     6 |     4 ||    10
Armor: Robe              |     8 |     7 ||    15
Dodge: Dodged            |    48 |    23 ||    71
Block: Kite shield       |    42 |    10 ||    52
       Buckler           |       |     6 ||     6
